 Dungeon Crawl Stone Soup version 0.25.0-1-g7eea58d (webtiles) character file.

Game seed: 13944108756865370649

245 BakedSpriggan the Ducker (level 5, -3/32 HPs)
             Began as a Deep Elf Chaos Knight on June 18, 2020.
             Was a Plaything of Xom.
             Slain by Crazy Yiuf
             ... wielding a +3 quarterstaff of chaos
              (9 damage)
             ... on level 3 of the Dungeon.
             The game lasted 00:27:39 (2953 turns).

BakedSpriggan the Ducker (Deep Elf Chaos Knight)    Turns: 2953, Time: 00:27:39

Health: -3/32      AC:  6    Str:  9    XL:     5   Next: 83%
Magic:  7/7        EV: 18    Int: 17    God:    Xom [*.....]
Gold:   79         SH:  0    Dex: 15    Spells: 4/4 levels left

rFire    . . .     SeeInvis .   a - +2 dagger (vamp)
rCold    . . .     Gourm    .   (no shield)
rNeg     . . .     Faith    .   k - +2 leather armour
rPois    .         Spirit   .   f - +0 helmet
rElec    .         Reflect  .   (no cloak)
rCorr    .         Harm     .   (no gloves)
MR       .....                  (no boots)
Stlth    ++........             (no amulet)
HPRegen  0.10/turn              (no ring)
MPRegen  0.10/turn              (no ring)

@: agile
A: no striking features
a: Renounce Religion


You were on level 3 of the Dungeon.
You worshipped Xom.
You were a special plaything of Xom.
You were not hungry.

You visited 1 branch of the dungeon, and saw 3 of its levels.

You collected 79 gold pieces.

Inventory:

Hand Weapons
 a - a +2 vampiric dagger (weapon)
 b - a +0 hunting sling
 i - a +1 short sword of speed
 j - a +0 dagger of freezing
 l - a +2 dagger of speed
 x - a +0 spear of chaos
 D - a +0 shortbow
Missiles
 d - 16 sling bullets
 g - 2 boomerangs (quivered)
 n - 86 stones
 p - 30 poisoned darts
 w - 21 arrows
Armour
 f - a +0 helmet (worn)
 k - a +2 leather armour (worn)
 E - a +0 ring mail
Wands
 r - a wand of acid (3)
Scrolls
 e - 5 scrolls of identify {unknown}
 h - a scroll of fog {unknown}
 m - 4 scrolls of teleportation {unknown}
 s - a scroll of summoning {unknown}
 y - 2 scrolls of remove curse {unknown}
Potions
 o - a potion of lignification {unknown}
 q - 2 potions of brilliance {unknown}
 t - a potion of flight {unknown}
 u - a potion of degeneration {unknown}
 v - 3 potions of stabbing {unknown}
 z - a potion of berserk rage {unknown}
 A - a potion of haste {unknown}
 B - a potion of curing {unknown}
Comestibles
 c - 6 rations
 C - 2 chunks of flesh


   Skills:
 + Level 3.4 Fighting
 - Level 3.0 Polearms
 + Level 0.0 Bows
 - Level 0.7 Armour
 + Level 4.2 Dodging
 + Level 3.8 Stealth


You had 4 spell levels left.
You didn't know any spells.
Your spell library was empty.

Dungeon Overview and Level Annotations

Branches:
Dungeon (3/15)

Altars:
Kikubaaqudgha
Xom

Annotations:
D:3 1 runed translucent door, Crazy Yiuf


Message History

Crazy Yiuf barely misses you.
You closely miss Crazy Yiuf.
Crazy Yiuf is almost dead.
Crazy Yiuf hits you with a +3 quarterstaff of chaos.
* * * LOW HITPOINT WARNING * * *
You barely miss Crazy Yiuf.
Crazy Yiuf is almost dead.
Crazy Yiuf closely misses you.
You barely miss Crazy Yiuf.
Crazy Yiuf is almost dead.
You hit Crazy Yiuf.
You feel better.
Crazy Yiuf is almost dead.
Crazy Yiuf hits you with a +3 quarterstaff of chaos.
* * * LOW HITPOINT WARNING * * *
You feel agile all of a sudden.
You barely miss Crazy Yiuf.
Crazy Yiuf is almost dead.
Crazy Yiuf cries, "Snurf!
Paint mumblescurry bush."
Crazy Yiuf hits you with a +3 quarterstaff of chaos!
You die...

......##.#
.......รท...#
#####.##.#
##.####....#
#.##.# #.
......# ######
###...(# #!(.##
##..# . ###
##### #..#
...#..# ###..)#
#$.# #......##
#.+.@g#
#......#..##...#
###...#.# #####
#### ## ### #.#
# #.# .# #.#


You could see Crazy Yiuf.

Vanquished Creatures
  A centaur (D:3)
  Robin (D:2)
  2 adders (D:2)
  An ooze (D:1)
  3 worms (D:2)
  5 leopard geckos
  2 orcs (D:3)
  A giant cockroach (D:1)
  9 goblins
  13 hobgoblins
  A quokka (D:2)
  3 bats
  7 frilled lizards
  10 kobolds
  4 rats
63 creatures vanquished.

Vanquished Creatures (collateral kills)
  A water moccasin skeleton (D:3)
  An orc wizard (D:3)
  A gnoll (D:1)
  2 orcs (D:3)
  2 jackals (D:3)
  A quokka (D:3)
  2 goblins (D:1)
10 creatures vanquished.

Grand Total: 73 creatures vanquished

Notes
Turn   | Place    | Note
-------+----------+-------------------------------------------
     0 | D:1      | BakedSpriggan the Deep Elf Chaos Knight began the quest for
                  | the Orb.
     0 | D:1      | Reached XP level 1. HP: 13/13 MP: 3/3
   109 | D:1      | Reached XP level 2. HP: 18/18 MP: 4/4
   186 | D:1      | Reached skill level 1 in Stealth
   263 | D:1      | XOM: noise
   329 | D:1      | Reached XP level 3. HP: 21/22 MP: 5/5
   335 | D:1      | XOM: cloud trail
   610 | D:1      | XOM: 1-stop teleportation journey
   641 | D:1      | XOM: 7-stop teleportation journey
   872 | D:2      | Reached skill level 3 in Dodging
  1219 | D:1      | XOM: cloud trail
  1316 | D:2      | XOM: god gift: wand of acid (3)
  1319 | D:2      | XOM: god gift: scroll labeled TYMYSUNUJE {god gift}
  1395 | D:2      | Reached XP level 4. HP: 24/27 MP: 6/6
  1543 | D:2      | Noticed Robin
  1611 | D:2      | XOM: potion effect (brilliance)
  1616 | D:2      | Killed Robin
  1713 | D:2      | You fall into a shaft and drop 1 floor!
  1713 | D:3      | Found a shimmering altar of Xom.
  1867 | D:3      | Reached XP level 5. HP: 7/32 MP: 7/7
  1961 | D:3      | XOM: 1-stop teleportation journey
  2330 | D:2      | XOM: divination: detect creatures
  2389 | D:2      | Found an ancient bone altar of Kikubaaqudgha.
  2414 | D:2      | XOM: divination: magic mapping
  2885 | D:3      | Noticed a centaur
  2887 | D:3      | XOM: noise
  2908 | D:3      | Killed a centaur
  2908 | D:3      | Reached skill level 4 in Dodging
  2947 | D:3      | Found a runed translucent door.
  2947 | D:3      | XOM: 6-stop teleportation journey
  2948 | D:3      | Noticed Crazy Yiuf
  2953 | D:3      | Slain by Crazy Yiuf

Illustrated notes

Levels and vault maps discovered:
D:1:      lemuel_arrival_rhombus, layout_basic
D:2:      layout_loops_ring, marbit_many_paths, serial_rivers,
          chequers_serial_rivers_large_a, chequers_serial_rivers_micro_b,
          chequers_serial_rivers_micro_d, chequers_serial_rivers_micro_c,
          chequers_serial_rivers_micro_e, first_ration, uniq_robin
D:3:      layout_loops_ring, chequers_serial_rivers_marsh, nrook_uturn,
          xom_teletrap_fun, uniq_crazy_yiuf_cottage

Skill      XL: |  1  2  3  4  5 |
---------------+----------------+-----
Stealth        | 1 2 3 |  3.8
Dodging        | 3 4 |  4.2
Polearms       | 3 |  3.0
Fighting       | 3 |  3.4
Armour         | |  0.7

Action                   |  1- 3 |  4- 6 || total
-------------------------+-------+-------++-------
Melee: Spear             |   107 |    29 ||   136
       Dagger            |    16 |   134 ||   150
 Fire: Hunting sling     |       |    16 ||    16
Throw: Boomerang         |    14 |     8 ||    22
 Stab: Confused          |     1 |       ||     1
       Petrified         |     1 |       ||     1
       Sleeping          |     1 |     4 ||     5
  Eat: Chunk             |     2 |     5 ||     7
Armor: Leather armour    |    20 |    43 ||    63
Dodge: Dodged            |    70 |   100 ||   170
